 Dungeon Crawl Stone Soup version 0.27-a0-46-g34d46f0a3f (webtiles) character file.

Game seed: 9801574698536525709

11 Borgoz the Grasshopper (level 2, -6/25 HPs)
             Began as a Ghoul Warper on Jan 7, 2021.
             Mangled by Terence
             ... wielding a +0 mace
              (10 damage)
             ... on level 2 of the Dungeon.
             The game lasted 00:00:37 (295 turns).

Borgoz the Grasshopper (Ghoul Warper)                Turns: 295, Time: 00:00:37

Health: -6/25      AC:  5    Str: 14    XL:     2   Next: 29%
Magic:  3/3        EV: 11    Int:  8    God:
Gold:   35         SH:  0    Dex:  8    Spells: 4/4 levels left

rFire    . . .     SeeInvis .     - Unarmed
rCold    + . .     Faith    .   (no shield)
rNeg     + + +     Spirit   .   h - +0 ring mail
rPois    ∞         Reflect  .   (no helmet)
rElec    .         Harm     .   (no cloak)
rCorr    .         Rampage  .   (no gloves)
Will     .....                  (no boots)
Stlth    ..........             (no amulet)
HPRegen  0.00/turn              (no ring)
MPRegen  0.08/turn              (no ring)

@: no status effects
A: claws 1, cold resistance 1, negative energy resistance 3, inhibited
regeneration, torment resistance, unbreathing
a: no special abilities


You were on level 2 of the Dungeon.
You visited 1 branch of the dungeon, and saw 2 of its levels.

You collected 35 gold pieces.

Inventory:

Missiles
 d - 5 boomerangs of dispersal (quivered)
Armour
 h - a +0 ring mail (worn)
Scrolls
 a - a scroll of fog {unknown}
 c - a scroll of blinking
 e - a scroll of teleportation {unknown}
 f - a scroll of amnesia {unknown}
 i - a scroll of magic mapping {unknown}
 j - a scroll of identify {unknown}
Potions
 b - 2 potions of lignification
 g - a potion of attraction {unknown}
 k - a potion of mutation {unknown}
 l - a potion of cancellation {unknown}


   Skills:
 + Level 2.3 Fighting
 - Level 0.8 Throwing
 * Level 1.3 Armour
 * Level 2.1 Dodging
 + Level 2.3 Unarmed Combat
 - Level 1.7 Spellcasting
 - Level 2.6 Translocations


You had 4 spell levels left.
You didn't know any spells.
Your spell library contained the following spells:

 Spells                   Type           Power        Failure   Level
 Blink                    Tloc           N/A          36%         2
 Gell's Gravitas          Tloc           2%           58%         3
 Lesser Beckoning         Tloc           2%           58%         3
 Teleport Other           Tloc           5%           58%         3
 Passage of Golubria      Tloc           N/A          94%         4


Dungeon Overview and Level Annotations

Branches:
Dungeon (1/15)

Altars:

Annotations:
D:2 Terence


Innate Abilities, Weirdness & Mutations

You thrive by killing the living.
You are immune to poison.
You have sharp fingernails.
Your flesh is cold resistant. (rC+)
You are immune to negative energy. (rN+++)
You do not regenerate when monsters are visible.
You are immune to unholy pain and torment.
You can survive without breathing.


Message History

Terence hits you but does no damage.
You scratch Terence.
Terence is moderately wounded.
Terence drinks a potion.
Terence seems to grow stronger.
You closely miss Terence.
Terence is moderately wounded.
Terence hits you with a +0 mace.
You scratch Terence.
Terence is heavily wounded.
You scratch Terence but do no damage.
Terence is heavily wounded.
Terence hits you with a +0 mace!
You closely miss Terence.
Terence is heavily wounded.
Terence hits you with a +0 mace!
* * * LOW HITPOINT WARNING * * *
You are too injured to fight recklessly!
It was a potion of lignification.
You feel woody for a moment. Terence hits you with a +0 mace!
You die...

##....)...#
###....####.#
####....###
#.#
##......##
#.# #......##
#.# #....###
##.# #.####
#..# ######.#
#### #..!.@.#
#...@..#
#......#
#......+
#......#
#......#
#####?.# ##.#


You could see Terence (strong).

Vanquished Creatures
  A bat (D:1)
  A goblin (D:1)
  2 hobgoblins
  2 jackals (D:1)
  A kobold (D:1)
  A frilled lizard (D:1)
  2 rats (D:1)
10 creatures vanquished.

Notes
Turn   | Place    | Note
-------+----------+-------------------------------------------
     0 | D:1      | Borgoz the Ghoul Warper began the quest for the Orb.
     0 | D:1      | Reached XP level 1. HP: 17/17 MP: 2/2
    30 | D:1      | Reached skill level 1 in Armour
   108 | D:1      | Reached XP level 2. HP: 24/24 MP: 3/3
   239 | D:1      | You fall into a shaft and drop 1 floor!
   283 | D:2      | Noticed Terence
   295 | D:2      | Mangled by Terence

Illustrated notes

Levels and vault maps discovered:
D:1:      kennysheep_arrival_forest, layout_rooms
D:2:      layout_basic, gammafunk_temple_overflow_wave, general_overflow_altar,
          serial_curves, eino_curves_02, eino_curves_02, eino_curves_04,
          eino_curves_04, uniq_crazy_yiuf_cottage, uniq_terence

Skill      XL: |  1 |
---------------+----+-----
Armour         | 1 |  1.3
Dodging        | 2 |  2.1
Fighting       | |  2.3
Throwing       | |  0.8
Unarmed Combat | |  2.3
Spellcasting   | |  1.7
Translocations | |  2.6

Action                   || total
-------------------------++-------
Melee: Unarmed           ||    30
  Use: Potion            ||     1
Armor: Ring mail         ||     5
Dodge: Dodged            ||    11

Table legend: (Time is in decaauts)
 A = Elapsed time spent in this place.
 B = Non-inter-level travel time spent in this place.
 C = Inter-level travel time spent in this place.
 D = Time resting spent in this place.
 E = Time spent auto-exploring this place.
 F = Levels seen in this place.
 G = Mean time per level.
                   A        B        C        D        E       F      G
               +--------+--------+--------+--------+--------+-----+--------+
         Total |    293 |    293 |      0 |      0 |    214 |   2 |  146.5 |
       Dungeon |    293 |    293 |      0 |      0 |    214 |   2 |  146.5 |
               +--------+--------+--------+--------+--------+-----+--------+

Top non-repeatable levels by time:
     D:1: 238 daAuts
     D:2: 55 daAuts
